 Dungeon Crawl Stone Soup version 0.25-a0-479-g8579842 (webtiles) character file.

Game seed: 7922434927965507451, levelgen mode: deterministic

70 15 the Ruffian (level 4, -3/36 HPs)
             Began as a Draconian Transmuter on Feb 9, 2020.
             Slain by a worm (6 damage)
             ... on level 2 of the Dungeon.
             The game lasted 00:04:07 (1420 turns).

15 the Ruffian (Draconian Transmuter)               Turns: 1420, Time: 00:04:08

Health: -3/36      AC:  5    Str: 13    XL:     4   Next: 3%
Magic:  7/7        EV: 12    Int: 14    God:
Gold:   84         SH:  0    Dex: 11    Spells: 4/7 levels left

rFire    . . .     SeeInvis .     - Unarmed
rCold    . . .     Gourm    .   (no shield)
rNeg     . . .     Faith    .   (armour unavailable)
rPois    .         Spirit   .   (helmet restricted)
rElec    .         Reflect  .   (no cloak)
rCorr    .         Harm     .   (no gloves)
MR       .....                  (no boots)
Stlth    +.........             (no amulet)
HPRegen  0.12/turn              (no ring)
MPRegen  0.10/turn              (no ring)

@: no status effects
A: unfitting armour, cold-blooded, AC +5
a: no special abilities


You were on level 2 of the Dungeon.
You were not hungry.

You visited 1 branch of the dungeon, and saw 2 of its levels.

You collected 84 gold pieces.

Inventory:

Missiles
 a - 52 arrows
Jewellery
 g - a +2 ring of dexterity
Scrolls
 d - 2 scrolls of identify
 e - a scroll of teleportation {unknown}
 f - a scroll of fog
Comestibles
 b - 5 chunks of flesh
 c - a ration


   Skills:
 * Level 1.7 Fighting
 * Level 2.1 Dodging
 + Level 0.4 Stealth
 + Level 3.8 Unarmed Combat
 * Level 2.3 Spellcasting
 * Level 2.5 Transmutations


You had 4 spell levels left.
You knew the following spells:

 Your Spells              Type           Power        Failure   Level  Hunger
a - Beastly Appendage     Tmut           #.....       9%          1    #......
b - Sticks to Snakes      Tmut           #.......     12%         2    ###....

Your spell library contained the following spells:

 Spells                   Type           Power        Failure   Level  Hunger
 Spider Form              Tmut/Pois      #.........   38%         3    ###....
 Ice Form                 Ice/Tmut       #.......     80%         4    #####..
 Blade Hands              Tmut           #.........   92%         5    ######.


Dungeon Overview and Level Annotations

Branches:
Dungeon (2/15)

Altars:


Innate Abilities, Weirdness & Mutations

Your plain brown scales are hard. (AC +5)
You cannot fit into any form of body armour.
You are cold-blooded and may be slowed by cold attacks.


Message History

You hit the kobold.
You kill the kobold!
You feel sick.
You are no longer poisoned.
The worm bites you.
* * * LOW HITPOINT WARNING * * *
There is an open door, spattered with blood here.
Things that are here:
a cursed -1 whip; a kobold corpse; a hobgoblin corpse You see here a stone.
You aren't carrying any potions.
As you read the scroll labeled GEJ OFEOSSI, it crumbles to dust.
It is a scroll of identify.
f - a scroll of fog You hit the worm.
The worm is lightly wounded.
You hit the worm. You tail-slap the worm.
The worm is heavily wounded.
The worm bites you.
You die...

...# #..)....#
#..≈≈≈..# #..#
#.......#
#...≈≈..#
...###.......##
#..≈≈..≈#
.†.#..........#
..............#
..............#
.....K.K.[....#
.....#######..####
..K.≈≈≈≈≈≈≈##.)w@#
..g.≈≈≈≈≈#≈#######
#K)≈≈≈≈≈##
..≈≈≈≈≈## ...≈.≈##
...≈w≈.# #.≈≈≈≈...
#)≈≈≈≈.###
#≈≈≈≈≈..#


You could see a worm.

Vanquished Creatures
  An adder (D:2)
  3 oozes
  3 dart slugs
  3 leopard geckos
  7 bats
  A giant cockroach (D:2)
  5 goblins
  6 hobgoblins
  A ball python (D:2)
  4 frilled lizards
  5 kobolds
  2 rats
41 creatures vanquished.

Notes
Turn   | Place    | Note
-------+----------+-------------------------------------------
     0 | D:1      | 15 the Draconian Transmuter began the quest for the Orb.
     0 | D:1      | Reached XP level 1. HP: 16/16 MP: 3/3
   246 | D:1      | Reached XP level 2. HP: 23/23 MP: 3/5
   254 | D:1      | Learned a level 2 spell: Sticks to Snakes
   607 | D:1      | Reached XP level 3. HP: 5/28 MP: 4/6
  1405 | D:2      | Reached XP level 4. HP: 15/35 MP: 7/7
  1420 | D:2      | Slain by a worm

Levels and vault maps discovered:
D:1:      psy_arrival_conway, layout_loops_ring
D:2:      layout_basic, doesnt_xom_only_xom, serial_rivers,
          chequers_serial_rivers_small_3, chequers_serial_rivers_large_b,
          chequers_serial_rivers_marsh, chequers_serial_rivers_large_a,
          chequers_serial_rivers_micro_b, chequers_serial_rivers_micro_e,
          first_ration

Skill      XL: |  1  2 |
---------------+-------+-----
Dodging        | 2 |  2.1
Fighting       | |  1.7
Stealth        | |  0.4
Unarmed Combat | |  3.8
Spellcasting   | |  2.3
Transmutations | |  2.5

Action                   |  1- 3 |  4- 6 || total
-------------------------+-------+-------++-------
Melee: Unarmed           |   127 |    11 ||   138
       Kick              |     4 |       ||     4
       Tailslap          |     9 |     2 ||    11
       Headbutt          |     2 |       ||     2
       Punch             |     2 |       ||     2
 Cast: Beastly Appendage |     8 |       ||     8
  Use: Scroll            |       |     1 ||     1
 Stab: Sleeping          |     2 |       ||     2
  Eat: Chunk             |     2 |       ||     2
Armor: Skin              |    31 |     2 ||    33
Dodge: Dodged            |    80 |     3 ||    83

Table legend:
 A = Non-vault XP
 B = Vault XP
 C = Vault XP percentage of total XP
 D = Non-vault monster count
 E = Vault monster count
 F = Vault count percentage of total count
                 A         B        C        D         E       F
            +---------+---------+-------+---------+---------+-------
      Total |     100 |       0 |   0.0 |      41 |       0 |   0.0
            +---------+---------+-------+---------+---------+-------
        D:1 |      51 |       0 |   0.0 |      21 |       0 |   0.0
        D:2 |      49 |       0 |   0.0 |      20 |       0 |   0.0
            +---------+---------+-------+---------+---------+-------
